 Dungeon Crawl Stone Soup version 0.17.0-28-g6e173f8 (webtiles) character file.

933 septik the Covert (level 7, -5/33 HPs)
             Began as a Spriggan Enchanter on Nov 30, 2015.
             Slain by a centaur
             ... wielding a cursed -2 shortbow
              (6 damage)
             ... on level 5 of the Dungeon.
             The game lasted 00:19:42 (5981 turns).

septik the Covert (Spriggan Enchanter)              Turns: 5981, Time: 00:19:42

Health: -5/33      AC:  4    Str:  4    XL:     7   Next: 86%
Magic:  0/4        EV: 18    Int: 18    God:
Gold:   205        SH:  0    Dex: 17    Spells: 4 memorised, 5 levels left

rFire  . . .     SeeInvis +     E - +2 dagger (antimagic)
rCold  + . .     Clarity  .     b - +1 robe
rNeg   + . .     SustAt   .     (shield restricted)
rPois  .         Gourm    .     (helmet restricted)
rElec  .         Spirit   .     h - +0 cloak
rCorr  .         Warding  .     (gloves unavailable)
rMut   .         Stasis   .     (boots unavailable)
MR     +....                    (no amulet)
Stlth  +++++.....               x - ring of positive energy
                                o - ring of protection from cold

@: very quick, somewhat resistant to hostile enchantments, quite stealthy
A: unfitting armour, see invisible, herbivore 3, speed 3, slow metabolism 2
a: no special abilities


You were on level 5 of the Dungeon.
You were not hungry.

You visited 1 branch of the dungeon, and saw 5 of its levels.

You collected 205 gold pieces.

Inventory:

Hand Weapons
 a - a +1 dagger
 t - a +0 blowgun
 D - a +1 antimagic short sword
 E - a +2 antimagic dagger (weapon)
Missiles
 f - 22 stones (quivered)
 p - 29 poisoned needles
Armour
 b - a +1 robe (worn)
 h - a +0 cloak (worn)
Jewellery
 o - a ring of protection from cold (left hand)
 w - an uncursed ring of flight
 x - a ring of positive energy (right hand)
Scrolls
 e - a scroll of enchant weapon {unknown}
 g - 3 scrolls of noise {unknown}
 i - 3 scrolls of teleportation {unknown}
 k - a scroll of magic mapping {unknown}
 m - 6 scrolls of identify {unknown}
 q - a scroll of immolation {unknown}
 y - a scroll of fog {unknown}
 A - a scroll of remove curse {unknown}
Potions
 j - a potion of heal wounds {unknown}
 l - 2 potions of flight {unknown}
 r - 2 potions of lignification {unknown}
 u - a potion of degeneration {unknown}
 v - a potion of might {unknown}
 z - a potion of invisibility {unknown}
 B - a potion of ambrosia {unknown}
 C - a potion of agility {unknown}
Books
 c - a book of Maledictions

   Spells                             Type                      Level
   a - Corona                         Hexes                        1
   b - Ensorcelled Hibernation        Hexes/Ice                    2
   c - Confuse                        Hexes                        3
   d - Tukima's Dance                 Hexes                        3
   e - Dazzling Spray                 Conjuration/Hexes            3
 n - a book of Clouds

   Spells                             Type                      Level
   a - Mephitic Cloud                 Conjuration/Poison/Air       3
   b - Conjure Flame                  Conjuration/Fire             3
   c - Poisonous Cloud                Conjuration/Poison/Air       6
   d - Freezing Cloud                 Conjuration/Ice/Air          6
   e - Ring of Flames                 Charms/Fire                  7
Comestibles
 d - 2 bread rations
 s - a fruit


   Skills:
 + Level 1.0 Fighting
 - Level 5.8 Short Blades
 - Level 3.0 Dodging
 - Level 9.2 Stealth
 - Level 4.2 Spellcasting
 * Level 5.4 Hexes
 - Level 1.2 Ice Magic


You had 5 spell levels left.
You knew the following spells:

 Your Spells              Type           Power        Failure   Level  Hunger
a - Corona                Hex            ###....      1%          1    None
b - Ensorcelled Hibernat  Hex/Ice        ###...       8%          2    ##.....
c - Confuse               Hex            ###.....     4%          3    ###....
d - Tukima's Dance        Hex            ###.....     4%          3    ###....


Dungeon Overview and Level Annotations

Branches:
Dungeon (5/15)
 Temple: D:4-7

Altars:
Fedhas
Trog
Xom

Shops:
D:4 (

Annotations:
D:5 Nicoed's ghost, novice DrTm


Innate Abilities, Weirdness & Mutations

You are tiny and cannot use many weapons and most armour.
You have supernaturally acute eyesight.
You are a herbivore.
You cover ground extremely quickly.
You need consume almost no food.


Message History

Aiming: Ensorcelled Hibernation
Press: ? - help, Shift-Dir - straight line, f/p - centaur
Aim: a centaur, wielding a shortbow (lightly wounded, chance to defeat MR: 46%)
The centaur looks drowsy...
The jackal completely misses you. The crimson imp closely misses you.
The jackal closely misses you.
You miss the crimson imp.
The crimson imp is heavily wounded.
The centaur shouts!
The crimson imp misses you. The jackal completely misses you.
The centaur hits you with a shortbow.
* * * LOW HITPOINT WARNING * * *
You closely miss the crimson imp.
The crimson imp is moderately wounded.
The jackal misses you. The centaur barely misses you.
The crimson imp hits you but does no damage.
You hit the crimson imp.
The crimson imp's magic leaks into the air.
The crimson imp is heavily wounded.
The jackal barely misses you. The centaur hits you with a shortbow.
You die...

##..#............#####
#..# #..#..........#.....#
##.#
##........(..######.###..#
#..##...((.## #......#
#..#######(###
#####..######
####..#######...##
##.........
Z..........####..#
#..##...(.. ####..####.#
##5## #.###...... # ##.##
#.# #@c#####.###...... #
#..# #.##
##hh#............. # ##.#
#..# ###ch..#####...... #
#.#
##.####..aS(..#####..... #
#.# #..##..####..Z.# ####.
## #.# ##....## ##.##..c#
. .#####.#####..### >...#
##.#
...........#..###.##### c.
..................### .


You could see 2 centaurs, a worker ant, a crimson imp, an adder, a giant frog
zombie and 3 jackals.

Vanquished Creatures
  A sky beast (D:5)
  2 ogres (D:4)
  A centaur (D:5)
  An eye of draining (D:5)
  Blork the orc (D:4)
  A hound (D:4)
  3 orc priests (D:4)
  A centaur skeleton (D:4)
  2 worker ants
  An orc wizard (D:4)
  A hound skeleton (D:4)
  3 gnolls (D:3)
  6 adders
  A shadow imp (D:5)
  3 adder skeletons
  An ooze (D:1)
  8 orcs
  5 giant cockroaches
  7 goblins
  8 hobgoblins
  10 jackals
  A ball python (D:3)
  10 bats
  5 giant geckos
  A giant newt (D:4)
  7 kobolds
  9 rats
100 creatures vanquished.

Vanquished Creatures (others)
  A giant gecko (D:5)
1 creature vanquished.

Grand Total: 101 creatures vanquished

Notes
Turn   | Place    | Note
--------------------------------------------------------------
     0 | D:1      | septik the Spriggan Enchanter began the quest for the Orb.
     0 | D:1      | Reached XP level 1. HP: 9/9 MP: 5/5
   531 | D:1      | Reached XP level 2. HP: 13/13 MP: 6/6
   596 | D:1      | Learned a level 2 spell: Ensorcelled Hibernation
   891 | D:1      | Reached skill level 5 in Stealth
   991 | D:1      | Reached XP level 3. HP: 16/16 MP: 8/8
  2128 | D:3      | Reached XP level 4. HP: 21/21 MP: 9/9
  2133 | D:3      | Reached skill level 6 in Stealth
  3026 | D:4      | Noticed Blork the orc
  3082 | D:4      | Reached XP level 5. HP: 24/24 MP: 10/10
  3129 | D:4      | Reached skill level 7 in Stealth
  3511 | D:4      | Reached XP level 6. HP: 28/28 MP: 6/11
  3599 | D:4      | Found Haashre's Weapon Shoppe.
  3648 | D:4      | Reached skill level 5 in Short Blades
  3648 | D:4      | Reached skill level 8 in Stealth
  3697 | D:4      | Killed Blork the orc
  3830 | D:4      | Noticed an ogre
  3843 | D:4      | Killed an ogre
  3843 | D:4      | Reached skill level 9 in Stealth
  3843 | D:4      | Reached XP level 7. HP: 22/32 MP: 7/12
  3878 | D:5      | Entered Level 5 of the Dungeon
  4262 | D:5      | Noticed Nicoed's ghost (novice DrTm)
  4291 | D:4      | Learned a level 3 spell: Confuse
  4295 | D:4      | Learned a level 3 spell: Tukima's Dance
  4838 | D:5      | Found a bloodstained altar of Trog.
  5198 | D:4      | Reached skill level 1 in Ice Magic
  5559 | D:5      | Found a shimmering altar of Xom.
  5576 | D:5      | Found a blossoming altar of Fedhas.
  5645 | D:5      | Reached skill level 5 in Hexes
  5906 | D:5      | Reached skill level 1 in Fighting
  5979 | D:5      | HP: 1/33 [centaur/shortbow (5)]
  5981 | D:5      | Slain by a centaur

Action                   |  1- 3 |  4- 6 |  7- 9 || total
-------------------------+-------+-------+-------++-------
Melee: Dagger            |   119 |   106 |   172 ||   397
Throw: Stone             |       |       |     1 ||     1
 Cast: Ensorcelled Hiber |    16 |    38 |    16 ||    70
       Confuse           |       |       |     5 ||     5
       Tukima's Dance    |       |       |     2 ||     2
 Stab: Sleeping          |    21 |    31 |     6 ||    58
       Distracted        |       |       |     3 ||     3
       Confused          |       |       |     2 ||     2
  Eat: Pizza             |       |     1 |       ||     1
       Fruit             |       |     1 |     3 ||     4
       Bread ration      |       |       |     1 ||     1
